 Dungeon Crawl Stone Soup version 0.21-a0-529-g8c7b3f5 (webtiles) character file.

1533 Gerstahl the Skirmisher (level 8, -1/53 HPs)
             Began as a Gargoyle Monk on Dec 9, 2017.
             Was a Believer of Nemelex Xobeh.
             Killed from afar by a steam dragon (14 damage)
             ... with a ball of steam
             ... on level 6 of the Dungeon.
             The game lasted 00:09:49 (5383 turns).

Gerstahl the Skirmisher (Gargoyle Monk)             Turns: 5383, Time: 00:09:49

Health: -1/53      AC: 13    Str: 13 (14) XL:     8   Next: 85%
Magic:  9/9        EV: 12    Int: 12      God:    Nemelex Xobeh [**....]
Gold:   272        SH:  0    Dex: 14      Spells: 7/7 levels left

rFire    . . .     SeeInvis +   B - -3 falchion (curse)
rCold    . . .     Gourm    .   (no shield)
rNeg     + . .     Faith    .   p - +1 ring mail
rPois    ∞         Spirit   .   (no helmet)
rElec    +         Reflect  .   x - +2 cloak
rCorr    .         Harm     .   (no gloves)
MR       .....                  (no boots)
Stlth    +.........             (no amulet)
HPRegen  0.17/turn              i - ring of see invisible
MPRegen  0.11/turn              (no ring)

@: no status effects
A: hooves 1, deformed body, deterioration 1, negative energy resistance 1,
electricity resistance, unbreathing, petrification resistance, rot immunity, AC
+5
a: Renounce Religion


You were on level 6 of the Dungeon.
You worshipped Nemelex Xobeh.
Nemelex Xobeh was pleased with you.
You were hungry.

You visited 2 branches of the dungeon, and saw 7 of its levels.

You collected 272 gold pieces.

Inventory:

Hand Weapons
 a - a +0 falchion
 s - a +2 falchion of draining
 B - a cursed -3 falchion (weapon)
Armour
 b - a +0 robe
 n - a +0 cloak
 p - a +1 ring mail (worn)
 x - a +2 cloak (worn)
Jewellery
 i - a ring of see invisible (left hand)
Wands
 e - a wand of acid (7)
Scrolls
 d - 3 scrolls of teleportation
 h - 3 scrolls of identify
 k - 2 scrolls of magic mapping
 r - 2 scrolls of enchant weapon
 t - a scroll of fog
Potions
 f - 5 potions of curing {unknown}
 g - a potion of heal wounds {unknown}
 j - 2 potions of haste
 o - a potion of agility {unknown}
 u - a potion of might
 v - a potion of degeneration {unknown}
 z - a potion of brilliance {unknown}
Miscellaneous
 y - a plain deck of destruction {drawn: 5}
Comestibles
 c - 2 bread rations
 l - 4 meat rations
 w - a royal jelly
 A - 6 fruits


   Skills:
 + Level 7.6 Fighting
 + Level 6.3 Long Blades
 + Level 5.2 Armour
 + Level 3.1 Dodging
 - Level 2.1 Stealth
 + Level 2.3 Invocations


You had 7 spell levels left.
You didn't know any spells.

Dungeon Overview and Level Annotations

Branches:
Dungeon (6/15)             Temple (1/1) D:4

Altars:
Ashenzari
Cheibriados
Fedhas
Hepliaklqana
Kikubaaqudgha
Nemelex Xobeh
Okawaru
Qazlal
Sif Muna
Trog
Uskayaw
Vehumet
Wu Jian
Xom
Yredelemnul
The Shining One

Annotations:
D:4 1 exclusion


Innate Abilities, Weirdness & Mutations

You are resistant to torment.
Your stone body is resilient. (AC +5)
You are immune to poison.
You resist negative energy. (rN+)
You are resistant to electric shocks. (rElec)
You can survive without breathing.
You are immune to petrification.
You are immune to rotting.
You have large cloven feet.
Armour fits poorly on your strangely shaped body.
Your body sometimes deteriorates upon taking damage.


Message History

The jackal is engulfed in a cloud of scalding steam.
The rat is engulfed in a cloud of scalding steam.
The rat dies!
The jackal returns to its original shape as it dies.
The steam dragon bites you but does no damage.
The steam dragon misses you.
The jackal is engulfed in a cloud of scalding steam.
The jackal dies!
A centaur skeleton comes into view.
Evoke which item? (* to show all) (? for menu, Esc to quit)
You draw a card...
It is the Orb.
You have drawn the Orb.
Press: ? - help, Shift-Dir - straight line, f/p - steam dragon
Aim: a steam dragon (misshapen and mutated)
The orb of energy hits the steam dragon.
The steam dragon is lightly wounded.
The steam dragon breathes steam at you. The ball of steam hits you!
You die...
Your body disappears without a glow.

#...# #...# ###...# #...#
#### ##.....###...# ###...
#.........)..#######...##
..#....##.).)..^......#..
#....###)..###.........
##...# #...........(...
#####..###...##..........
.......†.@................
####....§##.####..........
....#..D##.# #..........
#.####..g.#.# #..........
. #.>..).# ...........
#Z#†[†.....# ........
#......#..### #####..#
....###.....# #.. ....#
....## ##.


You could see a steam dragon, a gnoll and a centaur skeleton.

Vanquished Creatures
  Grinder (D:3)
  A phantom (D:5)
  A sky beast (D:5)
  An ice beast (D:5)
  2 ogres
  2 centaurs (D:4)
  3 bullfrogs
  A crimson imp (D:5)
  A hound (D:5)
  An orc wizard (D:6)
  Crazy Yiuf (D:3)
  4 orc priests
  A jelly (D:5)
  2 iguanas (D:5)
  Jessica (D:2)
  6 gnolls
  4 adders
  2 oozes
  An adder skeleton (D:5)
  2 dart slugs
  6 leopard geckos
  20 orcs
  2 ball pythons
  8 bats
  4 giant cockroaches
  5 goblins
  7 hobgoblins
  2 jackals (D:1)
  4 quokkas
  5 frilled lizards
  A jackal skeleton (D:5)
  2 kobolds
  6 rats
110 creatures vanquished.

Vanquished Creatures (others)
  An orc (D:6)
  A jackal (D:6)
  A rat (D:6)
3 creatures vanquished.

Grand Total: 113 creatures vanquished

Notes
Turn   | Place    | Note
-------+----------+-------------------------------------------
     0 | D:1      | Gerstahl the Gargoyle Monk began the quest for the Orb.
     0 | D:1      | Reached XP level 1. HP: 14/14 MP: 1/1
    51 | D:1      | Reached XP level 2. HP: 4/19 MP: 2/2
   587 | D:1      | Reached XP level 3. HP: 19/24 MP: 3/3
   641 | D:1      | Reached skill level 4 in Fighting
  1362 | D:2      | Noticed Jessica
  1373 | D:2      | Killed Jessica
  1373 | D:2      | Reached XP level 4. HP: 17/30 MP: 4/4
  2068 | D:3      | Noticed a bullfrog
  2079 | D:3      | Killed a bullfrog
  2079 | D:3      | Reached skill level 5 in Fighting
  2079 | D:3      | Reached XP level 5. HP: 30/35 MP: 5/5
  2204 | D:3      | Noticed Grinder
  2222 | D:3      | Paralysed by Grinder for 6 turns
  2247 | D:3      | Killed Grinder
  2247 | D:3      | Reached XP level 6. HP: 5/41 MP: 6/6
  2969 | D:3      | Found a runed door.
  2973 | D:3      | Noticed Crazy Yiuf
  2978 | D:3      | Killed Crazy Yiuf
  3023 | D:3      | Reached skill level 6 in Fighting
  3023 | D:3      | Reached skill level 5 in Long Blades
  3023 | D:3      | Reached XP level 7. HP: 34/46 MP: 7/7
  3303 | D:4      | Found a staircase to the Ecumenical Temple.
  3352 | D:4      | Found a deep blue altar of Sif Muna.
  3490 | Temple   | Entered the Ecumenical Temple
  3522 | Temple   | Became a worshipper of Nemelex Xobeh the Trickster
  3522 | Temple   | Received a gift from Nemelex Xobeh
  3522 | Temple   | Reached * piety under Nemelex Xobeh
  3522 | Temple   | Reached ** piety under Nemelex Xobeh
  4233 | D:4      | Reached XP level 8. HP: 52/52 MP: 8/8
  4315 | D:5      | Entered Level 5 of the Dungeon
  4420 | D:5      | Reached skill level 7 in Fighting
  4530 | D:5      | Received a gift from Nemelex Xobeh
  4644 | D:5      | Reached skill level 1 in Invocations
  4702 | D:5      | Found a bloodstained altar of Trog.
  4856 | D:5      | Reached skill level 5 in Armour
  5150 | D:5      | Gained mutation: Armour fits poorly on your strangely shaped body. [mutagenic meat]
  5151 | D:5      | Gained mutation: You have large cloven feet. [mutagenic meat]
  5152 | D:5      | Gained mutation: Your body sometimes deteriorates upon taking damage. [mutagenic meat]
  5383 | D:6      | Killed from afar by a steam dragon

Vault maps used:
D:1:      minmay_arrival_shattered_statue, minmay_misc_feat_pillars
D:2:      minmay_large_rounded_square, uniq_jessica
D:3:      first_bread, uniq_crazy_yiuf_cottage, uniq_grinder
D:4:      led_sif_book, minmay_temple_entry_butterflies, st_stairs_5
D:5:      kennysheep_crisscross, trog_butcher_becter
D:6:      gammafunk_temple_overflow_statue, uniq_blork_the_orc
Temple:   eino_temple_lava

Skill      XL: |  1  2  3  4  5  6  7  8 |
---------------+-------------------------+-----
Long Blades    | 3 4 5 6 |  6.3
Fighting       | 4 5 6 7 |  7.6
Armour         | 2 4 5 |  5.2
Invocations    | 2 |  2.3
Dodging        | 3 |  3.1
Stealth        | |  2.1

Action                   |  1- 3 |  4- 6 |  7- 9 || total
-------------------------+-------+-------+-------++-------
Melee: Falchion          |    70 |   114 |   228 ||   412
       Kick              |       |       |    15 ||    15
Evoke: Deck              |       |       |     9 ||     9
  Use: Scroll            |       |       |     8 ||     8
 Stab: Sleeping          |     5 |     2 |     2 ||     9
  Eat: Chunk             |     1 |     6 |    10 ||    17
Armor: Robe              |    16 |       |       ||    16
       Skin              |     2 |     7 |       ||     9
       Ring mail         |       |    54 |   101 ||   155
Dodge: Dodged            |    54 |    66 |   133 ||   253
       Rpst.: Falchion   |    24 |    18 |    38 ||    80

Table legend:
 A = Spawn XP
 B = Non-spawn XP
 C = Spawn XP percentage of total XP
 D = Spawn monster count
 E = Non-spawn monster count
 F = Spawn count percentage of total count
 G = Total turns spent on level
                    A         B        C        D         E        F      G
               +---------+---------+-------+---------+---------+-------+---------
         Total |       0 |    2191 |   0.0 |       0 |     110 |   0.0 |  5383
               +---------+---------+-------+---------+---------+-------+---------
           D:1 |       0 |      45 |   0.0 |       0 |      21 |   0.0 |  1077
           D:2 |       0 |      69 |   0.0 |       0 |      13 |   0.0 |   931
           D:3 |       0 |     542 |   0.0 |       0 |      31 |   0.0 |  1056
           D:4 |       0 |     543 |   0.0 |       0 |      15 |   0.0 |  1210
           D:5 |       0 |     841 |   0.0 |       0 |      23 |   0.0 |   989
           D:6 |       0 |     151 |   0.0 |       0 |       7 |   0.0 |    79
               +---------+---------+-------+---------+---------+-------+---------
